Map: King Sejong Station LE

Players

Changed - Winner!

  • Race: Terran Terran
  • League: Gold
  • Spawn Location: 5:00

Fropez

  • Race: Protoss Protoss
  • League: Gold
  • Spawn Location: 11:00

VOD

Have the link to the VOD?

Description

Time

  • Played on: Sept. 14, 2016, 5:33 p.m.
  • Length: 24:40
Show
View Real Time Build Order
Export as new Build Order

Changed Terran - Winner!

Build Orders: Command Center First (CC), MMM Bio 

Get SALT Encoding   

  12  0:01  SCV  
  13  0:13  SCV  
  14  0:17  Supply Depot  
  14  0:25  SCV  
  15  0:38  SCV  
  16  0:50  SCV  
  17  1:05  SCV  
  18  1:12  Command Center  
  18  1:16  Barracks  
  18  1:22  Refinery  
  18  1:28  SCV  
  19  1:40  SCV  
  19  1:45  Supply Depot  
  20  1:54  SCV  
  22  2:09  Orbital Command  
  22  2:10  Reaper  
  22  2:13  Bunker  
  22  2:32  Command Center  
  22  2:38  Orbital Command  
  22  2:50  Supply Depot  
  22  2:55  Barracks Reactor, SCV  
  23  3:02  Factory  
  23  3:03  Refinery  
  23  3:15  SCV  
  23  3:16  SCV  
  23  3:18  Supply Depot  
  25  3:27  Orbital Command, SCV  
  25  3:33  Marine x2  
  27  3:45  Orbital Command  
  27  3:47  Starport  
  29  3:48  Widow Mine  
  29  3:51  Marine x2  
  29  3:55  SCV x2  
  31  4:15  Marine x2  
  33  4:17  SCV  
  33  4:18  SCV x2  
  33  4:19  Liberator  
  33  4:21  Bunker  
  36  4:31  SCV x2  
  38  4:33  Marine x2  
  43  4:38  Widow Mine  
  45  4:46  Supply Depot  
  45  4:51  Bunker  
  45  4:55  Orbital Command  
  45  4:56  Supply Depot  
  45  4:57  Marine x2  
  47  5:07  Widow Mine  
  47  5:11  SCV x2  
  51  5:18  Marine  
  51  5:19  Marine  
  51  5:20  Supply Depot  
  53  5:36  SCV x3  
  53  5:37  Barracks x2  
  56  5:45  Factory Reactor  
  56  5:48  Factory Tech Lab, SCV x2  
  56  5:49  SCV, Starport Reactor  
  59  5:52  Engineering Bay  
  59  6:00  SCV  
  59  6:01  SCV x2  
  62  6:08  Siege Tank  
  62  6:10  Marine x2  
  67  6:12  SCV  
  67  6:13  SCV x2  
  67  6:16  Barracks  
  70  6:18  Barracks  
  70  6:21  Refinery  
  70  6:25  SCV x3  
  73  6:31  Barracks Reactor, Barracks Tech Lab  
  73  6:34  Medivac x2  
  73  6:37  SCV x3  
  73  6:39  Widow Mine  
  80  6:42  Refinery  
  82  6:51  Marine x3  
  82  6:54  Stimpack  
  85  6:59  Terran Infantry Weapons Level 1  
  85  7:03  Engineering Bay  
  85  7:06  Missile Turret  
  85  7:10  Missile Turret  
  85  7:13  Missile Turret  
  85  7:16  Supply Depot  
  85  7:17  Supply Depot  
  85  7:22  Barracks Tech Lab  
  85  7:23  Barracks Tech Lab  
  85  7:35  Liberator  
  85  7:36  Barracks  
  85  7:38  Siege Tank, SCV x3  
  85  7:43  Command Center, Missile Turret  
  91  7:44  Liberator  
  91  7:50  SCV x3, Combat Shields  
  91  7:51  Concussive Shells  
  97  7:58  Refinery  
  97  7:59  Refinery  
  97  8:02  SCV  
  101  8:09  Supply Depot  
  101  8:10  Supply Depot  
  101  8:12  Supply Depot  
  101  8:13  Supply Depot  
  101  8:27  Barracks Reactor  
  101  8:31  Marine x4, SCV x3, Marauder x2, Barracks  
  101  8:32  Marauder  
  101  8:34  Terran Infantry Armor Level 1  
  114  8:36  Armory  
  114  8:38  Supply Depot  
  114  8:39  Siege Tank, Supply Depot x2  
  117  8:43  SCV x3  
  120  8:55  SCV x2  
  120  9:25  Siege Tank  
  123  9:35  Liberator x2  
  123  9:46  Terran Infantry Weapons Level 2  
  123  9:48  Marine x5  
  123  9:49  Marine, Marauder  
  123  9:50  Marauder x2  
  141  10:32  Marine  
  142  10:38  Supply Depot  
  142  10:39  Supply Depot  
  142  10:40  Supply Depot  
  142  10:41  Supply Depot  
  142  10:44  Liberator x2  
  142  10:59  Marine x3, Siege Tank  
  142  11:00  Marauder  
  142  11:01  Marine x3, Marauder x2  
  161  11:19  Terran Infantry Armor Level 2  
  161  11:23  Marauder  
  163  11:31  Siege Tank  
  152  12:02  Command Center  
  146  12:16  Command Center  
  139  13:11  Terran Infantry Weapons Level 3  
  139  13:33  Command Center  
  139  13:46  Medivac x2  
  143  13:49  Siege Tank  
  143  13:50  SCV x2  
  143  13:51  Orbital Command  
  143  13:54  Marine x5  
  143  13:55  Marine  
  154  13:56  Marauder x3  
  154  13:57  Terran Infantry Armor Level 3  
  154  13:59  Supply Depot  
  154  14:01  Terran Ship Weapons Level 1  
  160  14:12  Marine x3  
  160  14:13  Marine x3  
  160  14:16  Medivac x2  
  160  14:17  Marine, Marauder x2  
  170  14:21  Siege Tank  
  178  14:35  Marauder  
  180  14:39  Refinery  
  180  14:40  Refinery  
  180  14:41  Command Center  
  159  15:40  Sensor Tower  
  158  15:47  Sensor Tower  
  157  15:50  Marine x2  
  157  15:51  Marine x4  
  157  15:52  Siege Tank, Marauder x3  
  157  15:54  Medivac x2  
  157  15:55  Orbital Command  
  172  16:13  Marauder  
  154  16:42  Orbital Command  
  154  16:58  Orbital Command  
  137  17:15  Missile Turret  
  134  17:22  Missile Turret  
  134  17:31  Terran Ship Weapons Level 2  
  134  17:42  Marine  
  134  17:43  Marine x4, Marauder  
  134  17:44  Marine, Siege Tank, Marauder x2  
  137  17:45  Medivac  
  136  18:00  Marine  
  137  18:11  Marine  
  137  18:12  Marine x3  
  137  18:13  Marauder x3  
  137  18:34  Marauder  
  137  18:40  Orbital Command  
  135  19:08  Marine  
  135  19:09  Marine x4  
  143  19:11  Marine  
  143  19:12  Siege Tank, Marauder x3  
  143  19:13  Medivac x2  
  154  19:36  Marine  
  154  19:37  Marine x5  
  151  19:50  Marine x3  
  149  19:55  Barracks  
  149  19:56  Barracks  
  149  19:57  Barracks x2  
  149  20:09  Marauder x2  
  153  20:19  Marine x3  
  153  20:20  Marine, Marauder  
  156  20:30  Marauder  
  158  20:42  Marine  
  159  20:43  Marauder x2  
  156  20:51  Marauder  
  158  20:59  Marine x2  
  158  21:00  Marine x3  
  158  21:02  Barracks Reactor x2, Barracks Tech Lab  
  147  21:18  Orbital Command  
  147  21:36  SCV  
  147  21:37  SCV x2  
  148  21:49  SCV x2  
  148  21:53  Missile Turret  
  138  22:25  Marine x4  
  138  22:26  Marine, Marauder x2  
  138  22:27  Marauder x2, Medivac x2  
  138  22:28  Siege Tank  
  158  22:43  Orbital Command  
  158  22:48  Marauder  
  160  22:52  Marine x5  
  160  22:53  Marine x3, Marauder x2  
  160  22:54  Marauder  
  172  23:09  Marauder  
  174  23:35  Marine  
  174  23:36  Marine x3  
Show
View Real Time Build Order
Export as new Build Order

Fropez Protoss 

Build Orders:  

Get SALT Encoding   

  12  0:01  Probe (Chrono Boost)  
  13  0:15  Pylon  
  13  0:23  Probe (Chrono Boost)  
  14  0:36  Probe (Chrono Boost)  
  14  0:42  Gateway  
  15  0:47  Probe (Chrono Boost)  
  15  0:48  Pylon  
  16  0:55  Assimilator  
  16  0:58  Probe (Chrono Boost)  
  17  1:07  Pylon  
  17  1:09  Probe (Chrono Boost)  
  18  1:20  Probe (Chrono Boost)  
  19  1:30  Probe (Chrono Boost)  
  19  1:31  Cybernetics Core  
  19  1:41  Probe (Chrono Boost)  
  19  1:42  Assimilator  
  20  1:52  Probe (Chrono Boost)  
  21  2:02  Pylon, Probe (Chrono Boost)  
  22  2:13  Mothership Core (Chrono Boost)  
  22  2:15  Warp Gate (Chrono Boost)  
  24  2:19  Adept  
  26  2:28  Forge  
  26  2:53  Gateway  
  26  2:54  Probe  
  26  2:55  Adept  
  29  3:09  Pylon  
  28  3:35  Probe  
  27  3:45  Gateway  
  27  3:52  Probe  
  27  3:54  Robotics Facility  
  28  3:57  Nexus  
  28  4:13  Probe  
  28  4:15  Protoss Ground Weapons Level 1 (Chrono Boost)  
  29  4:26  Twilight Council, Probe  
  28  4:41  Immortal (Chrono Boost)  
  28  4:43  Probe  
  33  5:00  Probe  
  33  5:03  Adept x2  
  38  5:15  Probe x2  
  38  5:16  Pylon  
  40  5:23  Resonating Glaives (Chrono Boost)  
  40  5:31  Probe  
  40  5:33  Gateway  
  40  5:34  Pylon  
  41  5:38  Immortal (Chrono Boost)  
  45  5:45  Adept  
  47  5:51  Stalker  
  47  5:53  Protoss Ground Weapons Level 2 (Chrono Boost)  
  49  6:03  Assimilator  
  49  6:04  Probe  
  50  6:05  Probe  
  50  6:07  Assimilator  
  51  6:16  Observer  
  52  6:22  Probe  
  52  6:24  Probe  
  54  6:27  Stalker  
  54  6:29  Stalker  
  58  6:34  Probe  
  58  6:36  Probe, Stalker  
  62  6:46  Probe  
  63  6:48  Probe  
  64  6:59  Probe  
  65  7:06  Robotics Bay  
  65  7:08  Pylon, Probe  
  65  7:11  Probe  
  67  7:19  Pylon  
  67  7:22  Pylon  
  67  7:26  Immortal (Chrono Boost)  
  67  7:27  Blink (Chrono Boost)  
  71  7:31  Probe  
  71  7:33  Stalker  
  71  7:34  Stalker  
  76  7:43  Stalker  
  78  8:04  Probe, Immortal  
  83  8:07  Probe  
  83  8:17  Probe  
  84  8:25  Stalker x2  
  84  8:26  Stalker x2  
  92  8:43  Warp Prism  
  92  9:19  Observer  
  93  9:54  Nexus  
  93  10:03  Probe  
  94  10:19  Nexus  
  94  10:23  Assimilator  
  94  10:27  Assimilator  
  94  10:28  Probe  
  94  10:30  Pylon x2  
  94  10:33  Stalker  
  94  10:35  Pylon  
  93  10:41  Pylon  
  93  10:48  Immortal  
  93  10:49  Protoss Ground Weapons Level 3 (Chrono Boost)  
  97  10:52  Probe  
  97  10:54  Pylon  
  98  11:04  Gateway, Stalker  
  85  11:05  Stalker x2  
  85  11:06  Gateway  
  89  11:13  Gateway  
  89  11:16  Gateway  
  89  11:18  Stalker  
  89  11:33  Probe x2  
  89  11:34  Stalker  
  89  11:35  Stalker x2  
  89  11:39  Nexus  
  97  11:42  Assimilator  
  97  11:47  Assimilator  
  81  12:18  Stalker x4  
  81  12:20  Probe x2  
  81  12:21  Gravitic Drive  
  89  12:31  Stalker x2  
  89  12:46  Pylon  
  89  12:47  Photon Cannon  
  89  12:49  Probe x2  
  91  12:51  Probe  
  91  12:57  Stalker x4  
  100  13:04  Pylon  
  100  13:05  Observer  
  101  13:12  Probe, Photon Cannon  
  102  13:14  Pylon  
  102  13:17  Protoss Ground Armor Level 1 (Chrono Boost)  
  102  13:26  Observer  
  103  13:35  Dark Shrine  
  103  13:37  Probe x2  
  103  13:40  Probe x2  
  107  13:54  Probe  
  107  13:55  Probe  
  109  14:01  Stalker x3  
  109  14:02  Stalker x3  
  121  14:36  Probe  
  121  14:37  Probe  
  123  14:40  Robotics Facility  
  123  14:43  Probe x2  
  125  14:48  Probe  
  102  15:23  Adept x5  
  102  15:24  Adept x3  
  77  16:34  Dark Templar  
  77  16:35  Dark Templar x6  
  77  16:36  Dark Templar  
  69  17:17  Dark Templar x3  
  69  17:21  Adept x5  
  85  17:24  Immortal  
  89  17:31  Probe  
  89  17:32  Probe x2  
  80  17:46  Nexus  
  80  17:48  Assimilator  
  80  17:50  Adept x3  
  80  17:51  Adept x5  
  80  17:52  Assimilator  
  80  17:56  Pylon x2  
  56  18:57  Adept x3  
  56  18:58  Adept x5  
  72  19:06  Probe x2  
  72  19:09  Immortal  
  78  19:10  Probe  
  78  19:11  Probe  
  80  19:18  Probe  
  81  19:34  Nexus  
  81  19:41  Pylon  
  81  19:43  Pylon  
  65  20:08  Dark Templar x3  
  65  20:09  Dark Templar x2  
  75  20:21  Probe x2  
  65  20:24  Dark Templar x3  
  58  20:30  Dark Templar  
  58  20:31  Dark Templar x2  
  48  20:52  Dark Templar x3  
  48  20:53  Dark Templar x2  
  51  21:10  Stalker x3  
  57  21:12  Probe  
  57  21:13  Probe x3  
  61  21:24  Probe  
  61  21:25  Probe  
  63  21:32  Protoss Ground Armor Level 2 (Chrono Boost)  
  63  21:37  Probe  
  60  21:48  Dark Templar  
  58  22:10  Dark Templar  
  58  22:12  Zealot x5  
  58  22:13  Zealot  
  69  22:23  Probe  
  69  22:24  Probe  
  71  22:38  Sentry x2  
  75  22:51  Stalker x2  
  75  22:52  Zealot x2  
  75  22:53  Zealot x2  
  71  23:18  Archon  
  71  23:19  Dark Templar  
  59  23:23  Zealot x5  
  59  23:24  Zealot  
  71  23:27  Archon  
  71  23:32  Probe  
  72  23:42  Probe  
  65  24:11  Dark Templar  
  65  24:12  Dark Templar  
  65  24:17  Archon  
  69  24:20  Dark Templar  
Tags
 
Add a new tag
Caveats
  • Supply blocks, unpowered buildings, or Contaminate may cause inaccurate times.
  • Supply counts are checked every 10 seconds.